 Dungeon Crawl Stone Soup version 0.30-a0-726-gd89dcf765f (webtiles) character file.

Game seed: 1274422611910183646

84555 scionoferis the Marksdemigod (level 14, -3/110 HPs)
             Began as a Demigod Hexslinger on Jan 28, 2023.
             Slain by a skeletal warrior
             ... wielding a +0 glaive
              (16 damage)
             ... on level 14 of the Dungeon on Jan 29, 2023.
             The game lasted 02:02:03 (27646 turns).

scionoferis the Marksdemigod (Demigod Hexslinger)  Turns: 27646, Time: 02:02:04

Health: -3/110     AC:  7    Str: 11    XL:     14   Next: 96%
Magic:  0/28       EV: 30    Int: 15    God:
Gold:   1117       SH:  0    Dex: 36    Spells: 14/15 levels left

rFire   + . .      SeeInvis .    b - +0 arbalest (drain)
rCold   + . .      Faith    .    (shield currently unavailable)
rNeg    . . .      Spirit   +    B - +2 robe {Will+}
rPois   .          Reflect  .    (no helmet)
rElec   .          Harm     .    p - scarf {rC+ rF+}
rCorr   .          Rampage  .    U - +0 pair of gloves
Will    ++...                    S - +1 pair of boots {Stlth+}
Stlth   +++                      t - amulet of guardian spirit
HPRegen 0.38/turn                q - ring of magical power
MPRegen 0.21/turn                z - +6 ring of dexterity

@: hasted, quick
A: high MP 1, forlorn, divine attributes
a: no special abilities


You were on level 14 of the Dungeon.
You visited 2 branches of the dungeon, and saw 19 of its levels.
You also visited: Gauntlet.

You collected 1502 gold pieces.
You spent 385 gold pieces at shops.


Innate Abilities, Weirdness & Mutations

You have an increased reservoir of magic. (+10% MP)
You shall have no god before yourself.
Your divine heritage dramatically boosts your attributes as you level up.


   Skills:
 + Level 6.1 Fighting
 - Level 6.0(6.7) Short Blades
 - Level 4.5(6.0) Long Blades
 - Level 18.0 Ranged Weapons
 - Level 4.0 Armour
 + Level 13.4 Dodging
 + Level 5.7 Stealth
 - Level 1.0 Spellcasting
 - Level 2.6 Hexes
 + Level 3.5 Evocations


You had 14 spell levels left.
You knew the following spells:

 Your Spells              Type           Power      Damage    Failure   Level
a - Slow                  Hex            32%        N/A       9%          1

Your spell library contained the following spells:

 Spells                   Type           Power      Damage    Failure   Level
 Beastly Appendage        Tmut           0%         N/A       24%         1
 Confusing Touch          Hex            8%         N/A       24%         3
 Sublimation of Blood     Necr           0%         N/A       36%         2
 Wereblood                Tmut           0%         N/A       36%         2
 Inner Flame              Hex/Fire       4%         N/A       38%         3
 Portal Projectile        Hex/Tloc       8%         N/A       38%         3
 Ignite Poison            Fire/Tmut/Pois 0%         N/A       58%         3
 Kindle Blastsparks       Fire/Tloc/Air  0%         2d10      58%         3
 Spider Form              Tmut/Pois      0%         N/A       58%         3
 Vampiric Draining        Necr           0%         2d6       58%         3
 Cause Fear               Hex            4%         N/A       63%         4
 Summon Ice Beast         Ice/Summ       0%         N/A       94%         4
 Summon Mana Viper        Hex/Summ       4%         N/A       98%         5
 Blade Hands              Tmut           0%         N/A       100%        5
 Fireball                 Conj/Fire      0%         3d3       100%        5
 Freezing Cloud           Conj/Ice/Air   0%         6-21      100%        5
 Irradiate                Conj/Tmut      0%         3d11      100%        5
 Dragon Form              Tmut           0%         N/A       100%        7
 Monstrous Menagerie      Summ           0%         N/A       100%        7
 Summon Hydra             Summ           0%         N/A       100%        7

Inventory:

Hand Weapons
 a - a +2 dagger of electrocution
   (You took it off an orc wizard on level 10 of the Dungeon)
 b - a +0 arbalest of draining (weapon)
   (You took it off a yaktaur on level 12 of the Dungeon)
 o - the +0 shortbow of Anxiety {flame, SInv}
   (You found it on level 8 of the Dungeon)

   SInv:      It lets you see invisible.
Missiles
 h - 5 javelins
 j - a curare-tipped dart
 w - 30 poisoned darts
 N - a throwing net
Armour
 p - a scarf of resistance (worn)
   (You found it on level 7 of the Dungeon)
 r - an orb of guile
   (You found it on level 2 of the Dungeon)
 B - a +2 robe of willpower (worn)
   (You took it off Sigmund on level 4 of the Dungeon)
 S - a +1 pair of boots of stealth (worn)
   (You found it on level 5 of the Lair of Beasts)
 U - a +0 pair of gloves (worn)
   (You found it on level 4 of the Lair of Beasts)
Magical Staves
 x - a staff of poison
   (You found it on level 12 of the Dungeon)
Jewellery
 q - a ring of magical power (left hand)
   (You found it on level 3 of the Dungeon)
 t - an amulet of guardian spirit (around neck)
   (You found it on level 3 of the Dungeon)
 z - a +6 ring of dexterity (right hand)
   (You found it on level 12 of the Dungeon)
 C - a ring of willpower
   (You found it on level 5 of the Dungeon)
 H - a ring of flight
   (You found it on level 5 of the Lair of Beasts)
 I - the ring "Mileit" {rC+ rN+ Int+2}
   (You found it in a Gauntlet)

   [ring of positive energy]

   Int:       It affects your intelligence (+2).
   rC:        It protects you from cold.
   rN:        It protects you from negative energy.
 L - a ring of protection from fire
   (You found it on level 3 of the Lair of Beasts)
Wands
 c - a wand of digging (8)
   (You bought it in a shop on level 13 of the Dungeon)
 u - a wand of quicksilver (52)
   (You found it on level 3 of the Dungeon)
 J - a wand of mindburst (17)
   (You found it on level 2 of the Lair of Beasts)
 T - a wand of charming (3)
   (You found it on level 4 of the Lair of Beasts)
 W - a wand of iceblast (9)
   (You found it in a Gauntlet)
 X - a wand of flame (20)
   (You found it in a Gauntlet)
Scrolls
 f - 3 scrolls of poison
 g - a scroll of butterflies
 i - 6 scrolls of magic mapping
 k - a scroll of torment {unknown}
 l - a scroll of amnesia
 n - 3 scrolls of blinking
 s - 3 scrolls of immolation
 v - 2 scrolls of teleportation
 y - 6 scrolls of vulnerability
 P - 2 scrolls of silence
Potions
 d - a potion of might
 e - a potion of haste
 m - 8 potions of curing
 A - 2 potions of invisibility {unknown}
 D - a potion of ambrosia {unknown}
 F - 2 potions of flight {unknown}
 K - 2 potions of resistance {unknown}
 M - 4 potions of mutation
 O - a potion of berserk rage {unknown}
 Q - 2 potions of heal wounds
 R - a potion of brilliance {unknown}
Miscellaneous
 Z - a phial of floods (inert)
   (You found it on level 5 of the Lair of Beasts)

Dungeon Overview and Level Annotations

Branches:
Dungeon (14/15)            Temple (0/1) D:5            Lair (5/5) D:9
  Swamp (0/4) Lair:3        Snake (0/4) Lair:3        Slime (0/5) Lair:5
    Orc (0/2) D:12         Vaults (0/5) D:13        Gauntlet (visited)

Shops:
D:2 ?   D:7 [   D:12 ([   D:13 *

Annotations:
D:12 diggable crypt
D:13 Frances

#########
........#######
# #.....)....z.
#. #.# #.#
#.##.###.#
#.~~~~...#
#..~~z..##
#.##z##.# #
##@##.#
#.#.~##.#
#.#.###.#
#.......#
####.##.##
#........####
#.#####.....+ #
#(.#### #.##


You could see 2 skeletal warriors.


Message History

Aim: a torpor snail (95% to hit)
You shoot a bolt. The bolt hits the yak.
You drain the yak.
The yak is almost dead.
The yak completely misses you.
Fire: b) +0 arbalest (drain)
Press: ? - help, Q - select action, (/) - cycle Shift-Dir - straight line, f/p - torpor snail
Aim: a torpor snail (95% to hit)
You shoot a bolt. The bolt hits the yak!!
You kill the yak!
Fire: b) +0 arbalest (drain)
Press: ? - help, Q - select action, (/) - cycle Shift-Dir - straight line, f/p - torpor snail
Aim: a torpor snail (95% to hit)
You shoot a bolt. The bolt hits the torpor snail!!
You drain the torpor snail!
The torpor snail is severely wounded.
Fire: b) +0 arbalest (drain)
Press: ? - help, Q - select action, (/) - cycle Shift-Dir - straight line, f - yak, p - torpor snail
Aim: a yak (81% to hit)
You shoot a bolt. The bolt hits the torpor snail!
The torpor snail is almost dead.
The torpor snail bites you!
Fire: b) +0 arbalest (drain)
Press: ? - help, Q - select action, (/) - cycle Shift-Dir - straight line, f - yak
Aim: a yak (lightly wounded, lightly drained, 81% to hit)
You shoot a bolt. The bolt hits the torpor snail!
You kill the torpor snail!
You feel yourself speed up.
Your Evocations skill increases to level 2!
Fire: b) +0 arbalest (drain)
Press: ? - help, Q - select action, (/) - cycle Shift-Dir - straight line, f/p - yak
Aim: a yak (lightly wounded, lightly drained, 81% to hit)
You shoot a bolt. The bolt hits the yak!
You drain the yak.
The yak is heavily wounded.
The yak completely misses you.
Fire: b) +0 arbalest (drain)
Press: ? - help, Q - select action, (/) - cycle Shift-Dir - straight line, f/p - yak
Aim: a yak (heavily wounded, lightly drained, 81% to hit)
You shoot a bolt. The bolt hits the yak.
You drain the yak.
The yak is severely wounded.
The yak completely misses you.
Fire: b) +0 arbalest (drain)
Press: ? - help, Q - select action, (/) - cycle Shift-Dir - straight line, f/p - yak
Aim: a yak (severely wounded, heavily drained, 81% to hit)
You shoot a bolt. The bolt hits the yak!
The yak is almost dead.
The yak barely misses you.
Fire: b) +0 arbalest (drain)
Press: ? - help, Q - select action, (/) - cycle Shift-Dir - straight line, f/p - yak
Aim: a yak (almost dead, heavily drained, 81% to hit)
You shoot a bolt. The bolt hits the yak!!!
You kill the yak!
Fire: b) +0 arbalest (drain)
Press: ? - help, Q - select action, (/) - cycle Shift-Dir - straight line, f - yak
Aim: a yak (81% to hit)
You shoot a bolt. The bolt hits the yak!
The yak is moderately wounded.
The yak completely misses you.
Fire: b) +0 arbalest (drain)
Press: ? - help, Q - select action, (/) - cycle Shift-Dir - straight line, f/p - yak
Aim: a yak (moderately wounded, 81% to hit)
You shoot a bolt. The bolt hits the yak!!!
You kill the yak!
Fire: b) +0 arbalest (drain)
Press: ? - help, Q - select action, (/) - cycle Shift-Dir - straight line, f - you Really target yourself?
Okay, then.
Unknown command.
Magic restored.
A bullfrog comes into view.
You shoot a bolt. The bullfrog croaks.
The bolt hits the bullfrog!!
You kill the bullfrog!
You start resting.
A vampire mosquito is nearby!
You shoot a bolt. The bolt hits the vampire mosquito!
The vampire mosquito is severely damaged.
You shoot a bolt.
The bolt closely misses the vampire mosquito.
You shoot a bolt. The bolt hits the vampire mosquito!
You destroy the vampire mosquito!
You start resting.
HP restored.
You see here a yak corpse.
Found a short sword.
Y - 2 scrolls of enchant weapon (gained 1)
You pick up a Trismegistus Codex and begin reading...
You add the spells Kindle Blastsparks, Ignite Poison and Freezing Cloud to your library.
You see here a komodo dragon corpse.
You see here a yak corpse.
You see here a yak corpse.
You pick up a book of Blood and begin reading...
You add the spells Sublimation of Blood and Summon Hydra to your library.
A water moccasin comes into view.
You shoot a bolt. The water moccasin hisses angrily.
The bolt hits the water moccasin.
You drain the water moccasin.
The water moccasin is lightly wounded.
You shoot a bolt.
The bolt closely misses the water moccasin.
You shoot a bolt. The bolt hits the water moccasin.
The water moccasin is moderately wounded.
You shoot a bolt. The bolt hits the water moccasin!
The water moccasin is almost dead.
The water moccasin barely misses you.
You shoot a bolt.
The bolt barely misses the water moccasin.
The water moccasin misses you.
You shoot a bolt. The bolt hits the water moccasin!!
You kill the water moccasin!
Okay, then.
You start putting on your armour.
You continue putting on the +0 pair of boots of Midsummer {Fly rN+ Dex-4}. x4
You finish putting on the +0 pair of boots of Midsummer {Fly rN+ Dex-4}.
You feel clumsy.
You fly up into the air.
You shoot a bolt. The bolt hits the electric eel!!
You kill the electric eel!
A tyrant leech comes into view.
Found six items.
Your line of fire to the tyrant leech is blocked by a plant.
You shoot a bolt. The bolt hits the tyrant leech!!
You drain the tyrant leech.
The tyrant leech is severely wounded.
You shoot a bolt. The bolt hits the tyrant leech!!
You drain the tyrant leech!
You kill the tyrant leech!
F - 2 fizzy inky potions (gained 1)
You see here a +2 robe of fire resistance.
You can't carry that many items.
X - a wand of flame (18) (gained 8 charges)
A tyrant leech comes into view.
You shoot a bolt. The bolt hits the tyrant leech!!
The tyrant leech is moderately wounded.
You shoot a bolt. The bolt hits the tyrant leech.
You drain the tyrant leech.
The tyrant leech is heavily wounded.
You shoot a bolt. The bolt hits the tyrant leech!
The tyrant leech is severely wounded.
You shoot a bolt.
The bolt closely misses the tyrant leech.
You shoot a bolt. The bolt hits the tyrant leech!!
You kill the tyrant leech!
You now have 1240 gold pieces (gained 11).
You pick up the Treatise on Sparks and begin reading...
You add the spell Fireball to your library.
You see here a +1 pair of boots of stealth.
P - 2 scrolls of silence (gained 1)
y - 5 scrolls of vulnerability (gained 1)
Your pack is full.
You see here a ring of flight.
You see here a +2 robe of fire resistance.
(D) Dungeon (T) Temple (L) Lair (S) Swamp (P) Snake Pit (M) Slime Pits (O) Orcish Mines
Where to? (Enter - Lair:4 @ (x,y), ? - help)
What level of the Dungeon? (default 9, ? - help)
You see here a +1 pair of boots of stealth.
You shoot a bolt. The bolt barely misses the black mamba.
You shoot a bolt. The bolt hits the black mamba!!
The black mamba is heavily wounded.
You shoot a bolt. The bolt barely misses the black mamba.
The black mamba completely misses you.
You shoot a bolt. The bolt barely misses the black mamba.
The black mamba bites you but does no damage.
The black mamba closely misses you.
You shoot a bolt. The bolt misses the black mamba.
The black mamba misses you.
You shoot a bolt. The bolt hits the black mamba!!
You kill the black mamba!
(D) Dungeon (T) Temple (L) Lair (S) Swamp (P) Snake Pit (M) Slime Pits (O) Orcish Mines
Where to? (Enter - D:9, ? - help)
There is a stone staircase leading up here.
You fly upwards.
There is a stone staircase leading down here.
There is a stone staircase leading up here.
You fly upwards.
There is a stone staircase leading down here.
There is a stone staircase leading up here.
You fly upwards.
There is a stone staircase leading down here.
There is a stone staircase leading up, spattered with blood here.
You fly upwards.
There is a stone staircase leading down here.
There is a shaft here.
There is a staircase back to the Dungeon here.
You fly upwards.
Welcome back to the Dungeon!
There is a staircase to the Lair here.
Items here: (( )))) / = ?????? [[[[[ |.
You drop a ring of wizardry.
You drop a ring of resist corrosion.
You drop 2 scrolls of amnesia.
You drop an amulet of reflection.
You drop 2 scrolls of enchant weapon.
(D) Dungeon (T) Temple (L) Lair (S) Swamp (P) Snake Pit (M) Slime Pits (O) Orcish Mines
Where to? (Enter - D:9, ? - help)
What level of the Lair of Beasts? (default 1, ? - help)
There is a staircase to the Lair here.
You fly downwards.
Welcome back to the Lair of Beasts!
There is a staircase back to the Dungeon here.
There is a shaft here.
There is a stone staircase leading down here.
You fly downwards.
There is a stone staircase leading up, spattered with blood here.
There is an escape hatch in the ceiling here.
There is a stone staircase leading down here.
You fly downwards.
There is a stone staircase leading up here.
There is a stone staircase leading down here.
You fly downwards.
There is a stone staircase leading up here.
There is a stone staircase leading down here.
You fly downwards.
There is a stone staircase leading up here.
G - a wand of polymorph (5)
f - 3 scrolls of poison (gained 1)
You see here a +1 pair of boots of stealth.
You see here a +0 flail.
H - a ring of flight You see here a +0 flail.
You see here a +1 pair of boots of stealth.
S - a +1 pair of boots of stealth You see here a +2 robe of fire resistance.
You see here 3 stones.
You see here a +0 chain mail.
Done exploring.
Search for what [Enter for "shop", or ? for help]? air
(D) Dungeon (T) Temple (L) Lair (S) Swamp (P) Snake Pit (M) Slime Pits (O) Orcish Mines
Where to? (Enter - Lair:5, ? - help)
What level of the Dungeon? (default 9, ? - help)
There is an escape hatch in the ceiling, spattered with blood here.
There is a stone staircase leading up, spattered with blood here.
You fly upwards.
There is a stone staircase leading down, spattered with blood here.
There is a stone staircase leading up here.
You fly upwards.
There is a stone staircase leading down here.
There is a stone staircase leading up here.
You fly upwards.
There is a stone staircase leading down here.
There is a stone staircase leading up, spattered with blood here.
You fly upwards.
There is a stone staircase leading down here.
There is a shaft here.
There is a staircase back to the Dungeon here.
You fly upwards.
Welcome back to the Dungeon!
There is a staircase to the Lair here.
You start removing your armour.
You continue taking off the +0 pair of boots of Midsummer {Fly rN+ Dex-4}. x4
You finish taking off the +0 pair of boots of Midsummer {Fly rN+ Dex-4}.
You float gracefully downwards.
You start putting on your armour.
You continue putting on your +1 pair of boots of stealth. x5
You finish putting on your +1 pair of boots of stealth.
You feel stealthy.
Okay, then.
Unknown command.
Save game and exit?
Welcome back, scionoferis the Demigod Hexslinger.
Press ? for a list of commands and other information.
Search for what [? for help]? ring Unknown command.
Search for what [Enter for "ring", or ? for help]? robe Unknown command.
Search for what [Enter for "robe", or ? for help]? amulet Search for what [Enter for "amulet", or ? for help]? artefact Unknown command.
There is an open door here.
There is an open door here.
There is an open door here.
There is a stone staircase leading down, spattered with blood here.
You climb downwards.
There is a stone staircase leading up here.
There is a stone staircase leading down here.
You climb downwards.
There is a stone staircase leading up here.
There is a stone staircase leading down here.
Okay, then.
Unknown command.
You climb downwards.
Level annotation: diggable crypt
There is a stone staircase leading up here.
Done exploring.
There is a stone staircase leading down here.
You climb downwards.
There is a stone staircase leading up here.
You open the door.
A gargoyle comes into view. It is wielding a +0 mace.
Found a scale mail and a runed ring mail.
Found Vesev's Assorted Antiques.
You shoot a bolt. The bolt barely misses the gargoyle.
You shoot a bolt. The bolt hits the gargoyle!!
You destroy the gargoyle!
There is an open door here.
You see here a +0 scale mail.
You see here a +0 ring mail of poison resistance.
V - a +0 ring mail of poison resistance
There is an entrance to Vesev's Assorted Antiques here.
Unknown command.
Okay, then.
Unknown command.
Y - a scroll of identify You have identified the last wand.
Thank you for shopping at Vesev's Assorted Antiques!
You can't carry that many items.
Your pack is full.
There is an entrance to Vesev's Assorted Antiques here.
You see here a wand of digging (8).
Search for what [Enter for "artefact", or ? for help]? air Search for what [Enter for "air", or ? for help]? lair You see here a +0 mace.
You see here a +0 scale mail.
There is an open door here.
There is a stone staircase leading up here.
You climb upwards.
Level annotation: diggable crypt
There is a stone staircase leading down here.
There is a stone staircase leading up, spattered with blood here.
You climb upwards.
There is a stone staircase leading down, spattered with blood here.
There is a stone staircase leading up here.
You climb upwards.
There is a stone staircase leading down here.
There is a stone staircase leading up here.
You climb upwards.
There is a stone staircase leading down, spattered with blood here.
There is an open door here.
There is an open door here.
There is an open door here.
Items here: " (( )))) / === ?????? [[[[[ |.
You drop the +0 pair of boots of Midsummer {Fly rN+ Dex-4}.
You drop 4 potions of lignification.
You drop a wand of polymorph (5).
You drop a +0 ring mail of poison resistance.
Search for what [Enter for "lair", or ? for help]? dig
There is an open door here.
There is an open door here.
There is an open door here.
There is a stone staircase leading down, spattered with blood here.
You climb downwards.
There is a stone staircase leading up here.
You see here a +0 ring mail.
There is a stone staircase leading down here.
You climb downwards.
There is a stone staircase leading up here.
You see here a +0 dagger.
There is a stone staircase leading down, spattered with blood here.
You climb downwards.
Level annotation: diggable crypt
There is a stone staircase leading up, spattered with blood here.
There is a stone staircase leading down here.
You climb downwards.
There is a stone staircase leading up here.
You open the door.
There is an open door here.
c - a wand of digging (8)
There is an entrance to Vesev's Assorted Antiques here.
There are no items here.
As you read the scroll of identify, it crumbles to dust.
l - 3 potions of attraction You drop 3 potions of attraction.
You open the door.
There is an open door here.
A manticore comes into view.
You hear the crackle of electricity.
a - a +2 dagger of electrocution (weapon)
The helpless manticore fails to defend itself.
You spit the manticore like a pig!!!
You kill the manticore!
Your +2 dagger of electrocution stops crackling.
You sense an unholy aura.
b - a +0 arbalest of draining (weapon)
A vault guard comes into view. It is wielding a +0 glaive.
You shoot a bolt.
The bolt hits the vault guard but does no damage.
You drain the vault guard.
The vault guard is lightly wounded.
You shoot a bolt. The bolt hits the vault guard!
The vault guard is moderately wounded.
You shoot a bolt. The bolt hits the vault guard!!
You drain the vault guard.
The vault guard is severely wounded.
You shoot a bolt. The bolt barely misses the vault guard.
The vault guard closely misses you.
You shoot a bolt.
The bolt closely misses the vault guard.
The vault guard closely misses you.
A troll comes into view.
You shoot a bolt.
The bolt hits the vault guard but does no damage.
The vault guard is severely wounded.
The vault guard hits you from afar with a +0 glaive.
The vault guard hits you from afar with a +0 glaive!
You shoot a bolt. The bolt hits the vault guard!!!
You kill the vault guard!
You shoot a bolt. The bolt hits the troll!!
You drain the troll!
You kill the troll!
The troll leather armour is intact enough to wear.
You start resting.
Magic restored.
You start resting.
HP restored.
Items here: ) [[ ††.
You hear the crackle of electricity.
a - a +2 dagger of electrocution (weapon)
Found 15 gold pieces.
You now have 1045 gold pieces (gained 15).
You open the door.
Found an inky potion.
Found a gate to the Vaults.
Found a wand of iceblast (6) and a dazzling plate armour.
There is an open door here.
A - 2 inky potions (gained 1)
W - a wand of iceblast (9) (gained 6 charges)
You see here the +7 plate armour of Woider {rC+ Regen+ Int-4 Stlth+}.
Your +2 dagger of electrocution stops crackling.
You sense an unholy aura.
b - a +0 arbalest of draining (weapon)
There is an open door here.
Items here: ) [[ ††.
A manticore comes into view.
You shoot a bolt. The bolt hits the manticore!!!
You kill the manticore!
Frances, Duchess of Pandemonium comes into view.
She is wielding a +0 dire flail.
Press: ? - help, v - describe, . - travel, g - get item Item here: a scroll of immolation.
The floor.
Unknown command.
Press: ? - help, v - describe, . - travel
Here: Frances, wielding a +0 dire flail and wearing a +0 scale mail (asleep)
The floor.
You see here a manticore corpse.
You see here a manticore corpse.
Okay, then.
Unknown command.
Maurice the Thief comes into view.
He is wielding a +0 short sword and carrying a wand of quicksilver (5).
You hear the crackle of electricity.
a - a +2 dagger of electrocution (weapon)
The helpless Maurice fails to defend himself.
You perforate Maurice like a sieve!!! Lightning courses through Maurice!
You kill Maurice!
u - a wand of quicksilver (52) (gained 5 charges)
You now have 1053 gold pieces (gained 8).
Things that are here:
a +0 short sword; a +2 cloak Your +2 dagger of electrocution stops crackling.
You sense an unholy aura.
b - a +0 arbalest of draining (weapon)
Okay, then.
Unknown command.
A cyclops comes into view.
You shoot a bolt. The bolt hits the cyclops!!
The cyclops shouts!
The cyclops is heavily wounded.
You shoot a bolt. The bolt hits the cyclops.
The cyclops is heavily wounded.
You shoot a bolt. The bolt hits the cyclops!!
You drain the cyclops!
You kill the cyclops!
A slime creature comes into view.
You shoot a bolt. The slime creature quivers.
The bolt hits the slime creature!!
You drain the slime creature!
The slime creature is heavily wounded.
You shoot a bolt. The bolt hits the slime creature!!
You kill the slime creature!
A slime creature comes into view.
You shoot a bolt. The slime creature quivers.
The bolt hits the slime creature!
You drain the slime creature.
The slime creature is moderately wounded.
You shoot a bolt. The bolt hits the slime creature.
You drain the slime creature.
The slime creature is moderately wounded.
You shoot a bolt. The bolt hits the slime creature!
The slime creature is severely wounded.
Things that are here:
6 large rocks; a cyclops corpse You shoot a bolt.
The bolt hits the slime creature!
The slime creature is severely wounded.
You shoot a bolt. The bolt hits the slime creature!!
You kill the slime creature!
Things that are here:
6 large rocks; a cyclops corpse A wizard comes into view.
It is wielding a +0 dagger.
Press: ? - help, v - describe, . - travel
Here: a wizard, wielding a +0 dagger and wearing a +0 robe (wandering, hasn't noticed you)
The floor.
You shoot a bolt. The bolt closely misses the wizard.
The wizard shouts!
A slime creature comes into view.
You shoot a bolt. The slime creature quivers.
The bolt hits the wizard but does no damage.
A slime creature comes into view.
You shoot a bolt. The slime creature quivers.
The bolt hits the wizard!
The wizard is heavily wounded.
You shoot a bolt. The bolt hits the wizard!
The wizard is almost dead.
A slime creature comes into view.
The wizard points at you and mumbles some strange words.
The fireball explodes!
The fireball engulfs you! You resist.
The slime creature quivers.
You hear a shout!
You shoot a bolt. The bolt hits the wizard!!!
You kill the wizard!
You shoot a bolt.
The bolt barely misses the slime creature.
The bolt hits the slime creature!
You drain the slime creature.
The slime creature is moderately wounded.
You shoot a bolt. The bolt hits the slime creature.
The slime creature is lightly wounded.
Two slime creatures merge to form a large slime creature.
You shoot a bolt.
The bolt hits the large slime creature!!
The large slime creature is moderately wounded.
You shoot a bolt.
The bolt barely misses the large slime creature.
The bolt hits the slime creature.
You drain the slime creature.
The slime creature is lightly wounded.
A large slime creature splits.
You shoot a bolt. The bolt hits the slime creature!
You drain the slime creature.
The slime creature is severely wounded.
Two slime creatures merge to form a large slime creature.
A slime creature comes into view.
The slime creature hits you!
You shoot a bolt. The bolt hits the slime creature!
You drain the slime creature.
The slime creature is almost dead.
The large slime creature completely misses you.
The slime creature completely misses you.
Fire: b) +0 arbalest (drain)
Press: ? - help, Q - select action, (/) - cycle Shift-Dir - straight line, f - large slime creature, p - slime creature
Aim: a large slime creature (lightly wounded, lightly drained, 88% to hit)
You shoot a bolt.
The bolt hits the large slime creature!!!
You drain the large slime creature.
The large slime creature is heavily wounded.
A large slime creature splits.
The slime creature barely misses you.
Fire: b) +0 arbalest (drain)
Press: ? - help, Q - select action, (/) - cycle Shift-Dir - straight line, f/p - slime creature
Aim: a slime creature (heavily wounded, lightly drained, 88% to hit)
You shoot a bolt. The bolt hits the slime creature!!
The slime creature is severely wounded.
The slime creature barely misses you.
The slime creature completely misses you.
The slime creature misses you.
Fire: b) +0 arbalest (drain)
Press: ? - help, Q - select action, (/) - cycle Shift-Dir - straight line, f - slime creature, p - slime creature
Aim: a slime creature (88% to hit)
You shoot a bolt. The bolt hits the slime creature!
The slime creature is almost dead.
The slime creature completely misses you. x2
The slime creature closely misses you.
Fire: b) +0 arbalest (drain)
Press: ? - help, Q - select action, (/) - cycle Shift-Dir - straight line, f/p - slime creature
Aim: a slime creature (88% to hit)
You shoot a bolt. The bolt hits the slime creature!!!
You kill the slime creature!
A boulder beetle comes into view.
The slime creature misses you. The slime creature closely misses you.
Fire: b) +0 arbalest (drain)
Press: ? - help, Q - select action, (/) - cycle Shift-Dir - straight line, p - slime creature You shoot a bolt.
The bolt hits the slime creature!!
You kill the slime creature!
The slime creature completely misses you.
Fire: b) +0 arbalest (drain)
Press: ? - help, Q - select action, (/) - cycle Shift-Dir - straight line, f - slime creature
Aim: a slime creature (88% to hit)
You shoot a bolt. The bolt hits the slime creature!
The slime creature is lightly wounded.
The slime creature completely misses you.
The boulder beetle curls into a ball and begins rolling!
The slime creature closely misses you.
Fire: b) +0 arbalest (drain)
Press: ? - help, Q - select action, (/) - cycle Shift-Dir - straight line, f/p - slime creature
Aim: a slime creature (lightly wounded, 88% to hit)
You shoot a bolt.
The bolt barely misses the slime creature.
The slime creature hits you. The slime creature hits you!
Fire: b) +0 arbalest (drain)
Press: ? - help, Q - select action, (/) - cycle Shift-Dir - straight line, f/p - slime creature
Aim: a slime creature (lightly wounded, 88% to hit)
You shoot a bolt. The bolt hits the slime creature.
The slime creature is lightly wounded.
The slime creature hits you! The slime creature closely misses you.
Fire: b) +0 arbalest (drain)
Press: ? - help, Q - select action, (/) - cycle Shift-Dir - straight line, f/p - slime creature
Aim: a slime creature (lightly wounded, 88% to hit)
You shoot a bolt. The bolt hits the slime creature!!
The slime creature is heavily wounded.
The slime creature misses you.
The boulder beetle completely misses you.
The boulder beetle stops rolling and uncurls.
The slime creature hits you but does no damage.
Fire: b) +0 arbalest (drain)
Press: ? - help, Q - select action, (/) - cycle Shift-Dir - straight line, f/p - slime creature
Aim: a slime creature (heavily wounded, 88% to hit)
You shoot a bolt. The bolt hits the slime creature!!
You drain the slime creature!
You kill the slime creature!
The boulder beetle misses you.
The slime creature completely misses you.
Fire: b) +0 arbalest (drain)
Press: ? - help, Q - select action, (/) - cycle Shift-Dir - straight line, f - slime creature
Aim: a slime creature (moderately wounded, lightly drained, 88% to hit)
You shoot a bolt. The bolt hits the slime creature!!
The slime creature is severely wounded.
The boulder beetle barely misses you. The slime creature closely misses you.
Fire: b) +0 arbalest (drain)
Press: ? - help, Q - select action, (/) - cycle Shift-Dir - straight line, f/p - slime creature
Aim: a slime creature (severely wounded, lightly drained, 88% to hit)
You shoot a bolt. The bolt hits the slime creature!!
You kill the slime creature!
The boulder beetle closely misses you.
Fire: b) +0 arbalest (drain)
Press: ? - help, Q - select action, (/) - cycle Shift-Dir - straight line, f - boulder beetle
Aim: a boulder beetle (92% to hit)
You shoot a bolt.
The bolt barely misses the boulder beetle.
The boulder beetle completely misses you.
Fire: b) +0 arbalest (drain)
Press: ? - help, Q - select action, (/) - cycle Shift-Dir - straight line, f/p - boulder beetle
Aim: a boulder beetle (92% to hit)
You shoot a bolt. The bolt hits the boulder beetle!!
You drain the boulder beetle!
The boulder beetle is severely wounded.
The boulder beetle bites you but does no damage.
Fire: b) +0 arbalest (drain)
Press: ? - help, Q - select action, (/) - cycle Shift-Dir - straight line, f/p - boulder beetle
Aim: a boulder beetle (severely wounded, lightly drained, 92% to hit)
You shoot a bolt. The bolt hits the boulder beetle!
You drain the boulder beetle.
The boulder beetle is almost dead.
The boulder beetle barely misses you.
Fire: b) +0 arbalest (drain)
Press: ? - help, Q - select action, (/) - cycle Shift-Dir - straight line, f/p - boulder beetle
Aim: a boulder beetle (almost dead, lightly drained, 92% to hit)
You shoot a bolt. The bolt hits the boulder beetle!
The boulder beetle is almost dead.
The boulder beetle misses you.
Fire: b) +0 arbalest (drain)
Press: ? - help, Q - select action, (/) - cycle Shift-Dir - straight line, f/p - boulder beetle
Aim: a boulder beetle (almost dead, lightly drained, 92% to hit)
You shoot a bolt. The bolt hits the boulder beetle!!!
You kill the boulder beetle!
Your Evocations skill increases to level 3!
You start resting.
Magic restored.
You start resting.
HP restored.
Found a stone staircase leading up.
Items here: ! ) [ †.
Found a stone staircase leading down.
Found a ring mail.
X - a wand of flame (20) (gained 2 charges)
J - a wand of mindburst (17) (gained 10 charges)
A wraith comes into view.
You shoot a bolt. The bolt hits the wraith!!!
You destroy the wraith!
You hear a shout!
A wraith comes into view.
You shoot a bolt. The bolt closely misses the wraith.
Josephine the Decaying Necromancer comes into view.
She is wielding a +0 dagger and wearing a +1 robe of positive energy.
Fire: b) +0 arbalest (drain)
Press: ? - help, Q - select action, (/) - cycle Shift-Dir - straight line, p - wraith You shoot a bolt.
The bolt closely misses Josephine.
The bolt hits the wraith.
The wraith is lightly damaged.
Fire: b) +0 arbalest (drain)
Press: ? - help, Q - select action, (/) - cycle Shift-Dir - straight line, f - Josephine
Aim: Josephine, wielding a +0 dagger and wearing a +1 robe of positive energy (74% to hit)
You shoot a bolt. The bolt barely misses Josephine.
A wraith comes into view.
Fire: b) +0 arbalest (drain)
Press: ? - help, Q - select action, (/) - cycle Shift-Dir - straight line, f - wraith, p - Josephine
Aim: a wraith (lightly damaged, 74% to hit)
You shoot a bolt. The bolt hits Josephine!!
Josephine is moderately wounded.
Josephine hits you with a +0 dagger.
Fire: b) +0 arbalest (drain)
Press: ? - help, Q - select action, (/) - cycle Shift-Dir - straight line, f/p - wraith
Aim: a wraith (lightly damaged, 74% to hit)
You shoot a bolt. The bolt hits Josephine.
Josephine is heavily wounded.
A wraith comes into view.
Josephine barely misses you.
Fire: b) +0 arbalest (drain)
Press: ? - help, Q - select action, (/) - cycle Shift-Dir - straight line, f/p - wraith
Aim: a wraith (lightly damaged, 74% to hit)
You shoot a bolt. The bolt hits Josephine!!
Josephine is severely wounded.
Josephine draws life force from you!!
Josephine is healed by the life force!
You're wearing all the rings you can.
Remove which one? (? for menu, Esc to cancel) < or
q - a ring of magical power; > or
z - a +6 ring of dexterity You remove your ring of magical power.
You feel your magic capacity decrease. The wraith closely misses you.
Josephine barely misses you.
You feel clever.
I - the ring "Mileit" (left hand) {rC+ rN+ Int+2} The wraith attacks as you move away!
The wraith completely misses you.
You shoot a bolt.
The bolt hits the wraith but does no damage.
The wraith completely misses you.
You shoot a bolt. The bolt hits the wraith!!
The wraith is almost destroyed.
The wraith closely misses you.
A deep elf pyromancer comes into view. It is wielding a +0 long sword.
Fire: b) +0 arbalest (drain)
Press: ? - help, Q - select action, (/) - cycle Shift-Dir - straight line, f - deep elf pyromancer, p - wraith
Aim: a deep elf pyromancer, wielding a +0 long sword (68% to hit)
You shoot a bolt.
The bolt hits the wraith but does no damage.
The wraith is almost destroyed.
The wraith completely misses you.
Fire: b) +0 arbalest (drain)
Press: ? - help, Q - select action, (/) - cycle Shift-Dir - straight line, f/p - deep elf pyromancer
Aim: a deep elf pyromancer, wielding a +0 long sword (68% to hit)
You shoot a bolt. The bolt closely misses the wraith.
The bolt hits Josephine!!
Josephine is almost dead.
The wraith barely misses you.
Fire: b) +0 arbalest (drain)
Press: ? - help, Q - select action, (/) - cycle Shift-Dir - straight line, f/p - deep elf pyromancer
Aim: a deep elf pyromancer, wielding a +0 long sword (68% to hit)
You shoot a bolt. The bolt hits the wraith!
You destroy the wraith!
Fire: b) +0 arbalest (drain)
Press: ? - help, Q - select action, (/) - cycle Shift-Dir - straight line, f - Josephine, p - deep elf pyromancer
Aim: Josephine, wielding a +0 dagger and wearing a +1 robe of positive energy (almost dead, 74% to hit)
You shoot a bolt. The bolt hits the wraith!
The wraith is moderately damaged.
The wraith completely misses you.
Fire: b) +0 arbalest (drain)
Press: ? - help, Q - select action, (/) - cycle Shift-Dir - straight line, f/p - Josephine
Aim: Josephine, wielding a +0 dagger and wearing a +1 robe of positive energy (almost dead, 74% to hit)
You shoot a bolt. The bolt hits the wraith!!
The wraith is almost destroyed.
The wraith misses you.
Josephine says, "How about some decapitation?"
The deep elf pyromancer gestures wildly while chanting.
The deep elf pyromancer blinks!
Fire: b) +0 arbalest (drain)
Press: ? - help, Q - select action, (/) - cycle Shift-Dir - straight line, f/p - Josephine
Aim: Josephine, wielding a +0 dagger and wearing a +1 robe of positive energy (almost dead, 74% to hit)
You shoot a bolt. The bolt hits the wraith!
You destroy the wraith!
Fire: b) +0 arbalest (drain)
Press: ? - help, Q - select action, (/) - cycle Shift-Dir - straight line, f/p - Josephine
Aim: Josephine, wielding a +0 dagger and wearing a +1 robe of positive energy (almost dead, 74% to hit)
You shoot a bolt. The bolt hits Josephine!!
You kill Josephine!
Fire: b) +0 arbalest (drain)
Press: ? - help, Q - select action, (/) - cycle Shift-Dir - straight line, f - deep elf pyromancer
Aim: a deep elf pyromancer, wielding a +0 long sword (68% to hit)
You shoot a bolt. The bolt hits the wraith!!
The wraith is almost destroyed.
The wraith closely misses you.
Fire: b) +0 arbalest (drain)
Press: ? - help, Q - select action, (/) - cycle Shift-Dir - straight line, f/p - deep elf pyromancer
Aim: a deep elf pyromancer, wielding a +0 long sword (68% to hit)
You shoot a bolt. The bolt closely misses the wraith.
The bolt hits the deep elf pyromancer!
You drain the deep elf pyromancer!
The deep elf pyromancer is severely wounded.
The wraith completely misses you.
Fire: b) +0 arbalest (drain)
Press: ? - help, Q - select action, (/) - cycle Shift-Dir - straight line, f/p - deep elf pyromancer
Aim: a deep elf pyromancer, wielding a +0 long sword (severely wounded, lightly drained, 68% to hit)
You shoot a bolt.
The bolt hits the wraith but does no damage.
The wraith is almost destroyed.
The wraith misses you.
Fire: b) +0 arbalest (drain)
Press: ? - help, Q - select action, (/) - cycle Shift-Dir - straight line, f/p - deep elf pyromancer
Aim: a deep elf pyromancer, wielding a +0 long sword (severely wounded, lightly drained, 68% to hit)
You shoot a bolt. The bolt hits the wraith!!
You destroy the wraith!
Fire: b) +0 arbalest (drain)
Press: ? - help, Q - select action, (/) - cycle Shift-Dir - straight line, f/p - deep elf pyromancer
Aim: a deep elf pyromancer, wielding a +0 long sword (severely wounded, lightly drained, 68% to hit)
You shoot a bolt. The bolt hits the deep elf pyromancer!!
You kill the deep elf pyromancer!
Your Fighting skill increases to level 6!
You start resting.
Magic restored.
You start resting.
HP restored.
l - a scroll of amnesia
Items here: )) [ ††.
You're wearing all the rings you can.
Remove which one? (? for menu, Esc to cancel) < or
I - the ring "Mileit" {rC+ rN+ Int+2} > or
z - a +6 ring of dexterity You remove the ring "Mileit" {rC+ rN+ Int+2}.
You feel your magic capacity increase.
q - a ring of magical power (left hand)
You start resting.
Magic restored.
Items here: )) [ ††.
Found 13 gold pieces.
You now have 1074 gold pieces (gained 21).
You now have 1087 gold pieces (gained 13).
A boggart comes into view.
You shoot a bolt. The bolt hits the boggart!!!
You kill the boggart!
A boggart comes into view.
You shoot a bolt. The bolt hits the boggart!!
You kill the boggart!
A boggart comes into view.
Found a stone staircase leading up.
You see here a potion of curing.
You shoot a bolt. The bolt hits the boggart!!
You kill the boggart!
m - 8 potions of curing (gained 1)
A boggart comes into view.
You shoot a bolt. The bolt completely misses the boggart.
You shoot a bolt. The bolt barely misses the boggart.
The boggart shouts!
You hear a roar!
The boggart gestures wildly while chanting.
The boggart blinks!
You shoot a bolt. The bolt hits the boggart!!
You kill the boggart!
You now have 1094 gold pieces (gained 7).
Found a quarterstaff.
Found a ring mail.
Found a stone staircase leading down.
Found an escape hatch in the floor.
E - a scroll of identify
As you read the scroll of identify, it crumbles to dust.
k - 2 potions of degeneration You drop 2 potions of degeneration.
Found 6 stones.
An acid dragon comes into view.
You shoot a bolt. The bolt hits the acid dragon!
The acid dragon is heavily wounded.
You shoot a bolt. The bolt barely misses the acid dragon.
You shoot a bolt. The bolt hits the acid dragon!
You drain the acid dragon.
You kill the acid dragon!
Found an escape hatch in the ceiling.
You now have 1117 gold pieces (gained 23).
There is an escape hatch in the ceiling here.
Found a stone staircase leading down.
k - a scroll labelled ULYXYNWUEMN Unknown command.
A manticore comes into view.
You shoot a bolt. The bolt hits the manticore!!
The manticore is heavily wounded.
You shoot a bolt. The bolt hits the manticore.
You drain the manticore.
The manticore is severely wounded.
You shoot a bolt. The bolt hits the manticore!!
You kill the manticore!
Items here: )) [ ÷÷.
There is a stone staircase leading up here.
There is a stone staircase leading up here.
You see here 6 large rocks.
Partly explored, can't reach some items and places.
There is a stone staircase leading down here.
You climb downwards.
Found a scroll of vulnerability and 6 stones.
There is a stone staircase leading up here.
y - 6 scrolls of vulnerability (gained 1)
A cyclops comes into view.
You shoot a bolt. The bolt hits the cyclops.
You drain the cyclops.
The cyclops shouts!
The cyclops is lightly wounded.
You shoot a bolt. The bolt barely misses the cyclops.
You shoot a bolt. The bolt completely misses the cyclops.
You shoot a bolt. The bolt hits the cyclops!!
The cyclops is heavily wounded.
The cyclops throws a large rock.
The large rock misses you.
You shoot a bolt. The bolt hits the cyclops!
You drain the cyclops.
The cyclops is almost dead.
You shoot a bolt. The bolt hits the cyclops!!
You kill the cyclops!
You see here 5 large rocks.
A centaur warrior comes into view.
You shoot a bolt. The bolt hits the centaur warrior!!
The centaur warrior shouts!
The centaur warrior is severely wounded.
The centaur warrior wields a +0 longbow.
The centaur warrior shoots an arrow.
The arrow misses you.
A skeletal warrior comes into view. It is wielding a +0 glaive.
You shoot a bolt. The bolt hits the centaur warrior!
The centaur warrior is almost dead.
The centaur warrior shoots an arrow.
The arrow completely misses you.
The centaur warrior shoots an arrow.
The arrow hits you!
You shoot a bolt. The bolt hits the centaur warrior!!
You kill the centaur warrior!
A skeletal warrior comes into view. It is wielding a +0 battleaxe.
Fire: b) +0 arbalest (drain)
Press: ? - help, Q - select action, (/) - cycle Shift-Dir - straight line, f - skeletal warrior
Aim: a skeletal warrior, wielding a +0 glaive (75% to hit)
You shoot a bolt.
The bolt hits the skeletal warrior but does no damage.
Fire: b) +0 arbalest (drain)
Press: ? - help, Q - select action, (/) - cycle Shift-Dir - straight line, f/p - skeletal warrior
Aim: a skeletal warrior, wielding a +0 glaive (75% to hit)
You shoot a bolt.
The bolt hits the skeletal warrior but does no damage.
Fire: b) +0 arbalest (drain)
Press: ? - help, Q - select action, (/) - cycle Shift-Dir - straight line, f/p - skeletal warrior
Aim: a skeletal warrior, wielding a +0 glaive (75% to hit)
You shoot a bolt. The bolt hits the skeletal warrior!
The skeletal warrior is lightly damaged.
Fire: b) +0 arbalest (drain)
Press: ? - help, Q - select action, (/) - cycle Shift-Dir - straight line, f/p - skeletal warrior
Aim: a skeletal warrior, wielding a +0 glaive (75% to hit)
You shoot a bolt. The bolt hits the skeletal warrior.
The skeletal warrior is lightly damaged.
Fire: b) +0 arbalest (drain)
Press: ? - help, Q - select action, (/) - cycle Shift-Dir - straight line, f/p - skeletal warrior
Aim: a skeletal warrior, wielding a +0 glaive (75% to hit)
You shoot a bolt. The bolt hits the skeletal warrior!
The skeletal warrior is moderately damaged.
A skeletal warrior comes into view. It is wielding a +1 dire flail of pain.
Fire: b) +0 arbalest (drain)
Press: ? - help, Q - select action, (/) - cycle Shift-Dir - straight line, f/p - skeletal warrior
Aim: a skeletal warrior, wielding a +0 glaive (75% to hit)
You shoot a bolt. The bolt hits the skeletal warrior!
The skeletal warrior is heavily damaged.
The skeletal warrior hits you with a +0 battleaxe!!
Fire: b) +0 arbalest (drain)
Press: ? - help, Q - select action, (/) - cycle Shift-Dir - straight line, f/p - skeletal warrior
Aim: a skeletal warrior, wielding a +0 glaive (75% to hit)
You shoot a bolt. The bolt hits the skeletal warrior.
The skeletal warrior is heavily damaged.
The skeletal warrior closely misses you.
The skeletal warrior hits you from afar with a +0 glaive!!
Fire: b) +0 arbalest (drain)
Press: ? - help, Q - select action, (/) - cycle Shift-Dir - straight line, f/p - skeletal warrior
Aim: a skeletal warrior, wielding a +0 glaive (75% to hit)
You shoot a bolt.
The bolt barely misses the skeletal warrior.
The bolt hits the skeletal warrior.
The skeletal warrior is lightly damaged.
The skeletal warrior hits you with a +0 battleaxe!
The skeletal warrior completely misses you.
Fire: b) +0 arbalest (drain)
Press: ? - help, Q - select action, (/) - cycle Shift-Dir - straight line, f/p - skeletal warrior
Aim: a skeletal warrior, wielding a +0 glaive (lightly damaged, 75% to hit)
You shoot a bolt. The bolt hits the skeletal warrior!!
The skeletal warrior is almost destroyed.
The skeletal warrior hits you with a +0 battleaxe.
Fire: b) +0 arbalest (drain)
Press: ? - help, Q - select action, (/) - cycle Shift-Dir - straight line, f/p - skeletal warrior
Aim: a skeletal warrior, wielding a +0 glaive (lightly damaged, 75% to hit)
You shoot a bolt. The bolt hits the skeletal warrior!
The skeletal warrior is almost destroyed.
The skeletal warrior completely misses you.
Fire: b) +0 arbalest (drain)
Press: ? - help, Q - select action, (/) - cycle Shift-Dir - straight line, f/p - skeletal warrior
Aim: a skeletal warrior, wielding a +0 glaive (75% to hit)
You shoot a bolt.
The bolt barely misses the skeletal warrior.
The bolt hits the skeletal warrior!!
The skeletal warrior is heavily damaged.
The skeletal warrior hits you with a +0 battleaxe!!
* * * LOW HITPOINT WARNING * * *
Fire: b) +0 arbalest (drain)
Press: ? - help, Q - select action, (/) - cycle Shift-Dir - straight line, f/p - skeletal warrior
Aim: a skeletal warrior, wielding a +0 glaive (75% to hit)
You shoot a bolt. The bolt hits the skeletal warrior!!
You destroy the skeletal warrior!
A skeletal warrior comes into view. It is wielding a +0 long sword.
The skeletal warrior attacks as you move away!
The skeletal warrior hits you but does no damage.
You writhe in agony.
* * * LOW HITPOINT WARNING * * *
Okay, then.
Unknown command.
Press: ? - help, v - describe, . - travel
Here: a skeletal warrior, wielding a +0 glaive The floor.
Unknown command.
Okay, then.
Okay, then.
Okay, then.
Unknown command.
Aim the phial where?
Press: ? - help, Shift-Dir - straight line, f/p - skeletal warrior
Aim: a skeletal warrior, wielding a +0 glaive
Okay, then.
Unknown command.
The skeletal warrior attacks as you move away!
The skeletal warrior completely misses you.
The skeletal warrior attacks as you move away!
The skeletal warrior misses you.
Aim the phial where?
Press: ? - help, Shift-Dir - straight line, f/p - skeletal warrior
Aim: a skeletal warrior, wielding a +0 glaive The torrent of water hits the skeletal warrior.
The skeletal warrior is heavily damaged.
The wave splashes down.
Splash!
You fall into the shallow water.
Moving in this stuff is going to be slow.
The skeletal warrior hits you with a +1 dire flail of pain!
* * * LOW HITPOINT WARNING * * *
The skeletal warrior hits you from afar with a +0 glaive!
* * * LOW HITPOINT WARNING * * *
You feel yourself speed up.
The skeletal warrior splashes around in the water.
The skeletal warrior hits you from afar with a +0 glaive!!
You die...

Skill      XL: |  1  2  3  4  5  6  7  8  9 10 11 12 13 14 |
---------------+-------------------------------------------+-----
Fighting       | 1 2 3 4 5 6 |  6.1
Ranged Weapons | 2 3 4 6 7 9 11 13 14 16 18 | 18.0
Dodging        | 2 3 4 5 6 7 9 10 12 13 | 13.4
Stealth        | 1 2 3 4 5 |  5.7
Short Blades   | 2 4 6 |  6.0
Armour         | 2 4 |  4.0
Long Blades    | 1 4 |  4.5
Evocations     | 3 |  3.5
Spellcasting   | |  1.0
Hexes          | |  2.6

Action                     |  1- 3 |  4- 6 |  7- 9 | 10-12 | 13-15 || total
---------------------------+-------+-------+-------+-------+-------++-------
  Melee: Dagger            |     5 |   138 |   307 |   414 |     4 ||   868
         Short sword       |       |       |    13 |       |       ||    13
         Punch             |       |       |     3 |    12 |       ||    15
   Fire: Sling             |   126 |    96 |   144 |       |       ||   366
         Shortbow          |       |       |    41 |   105 |       ||   146
         Arbalest          |       |       |       |   443 |   806 ||  1249
  Throw: Dart              |       |       |     4 |     1 |       ||     5
   Cast: Slow              |     1 |     8 |    13 |     2 |       ||    24
  Evoke: Wand              |       |     1 |       |     4 |       ||     5
         Phial of floods   |       |       |       |       |     1 ||     1
    Use: Scroll            |       |       |    13 |     7 |     7 ||    27
         Potion            |       |       |     7 |     1 |     1 ||     9
   Stab: Sleeping          |       |     1 |    11 |     6 |     3 ||    21
         Distracted        |       |       |       |     2 |       ||     2
 Armour: Robe              |    10 |    21 |    52 |    92 |    24 ||   199
         Troll leather arm |       |       |       |     3 |       ||     3
         Acid dragon scale |       |       |       |    20 |       ||    20
  Dodge: Dodged            |    47 |   119 |   325 |   636 |   423 ||  1550

Levels and vault maps discovered:
D:1:      shiori_arrival_elements, layout_basic, serial_forest,
          infiniplex_forest_clump_diagonal, infiniplex_forest_clump_small,
          infiniplex_forest_clump_cross, infiniplex_forest_clump_small,
          infiniplex_forest_straight_4, infiniplex_forest_clump_C,
          infiniplex_forest_lined_2
D:2:      layout_basic, serial_shops, shop, kennysheep_generic_room_8,
          uniq_jessica
D:3:      layout_rooms, lemuel_round_altar
D:4:      layout_cave_pools, nicolae_overflow_hidden_temple,
          mainiacjoe_overflow_concentric_impassable,
          minmay_misc_feat_more_columns, uniq_ijyb, uniq_sigmund
D:5:      layout_gridville, overflow_temple_1_default,
          minmay_temple_entry_butterflies, abandoned_shop, uniq_grinder,
          uniq_menkaure
D:6:      layout_cave_pools, nicolae_gozag_cash_rules_everything_around_me,
          roderic_lattice_a, minivault_4, kennysheep_path_1,
          hangedman_decor_lopped, uniq_eustachio, uniq_prince_ribbit1
D:7:      layout_loops_ring, marbit_many_paths,
          lemuel_mausoleum_altar_yredelemnul, serial_shops,
          nicolae_shop_waterfront
D:8:      layout_rooms, xom_teletrap_fun, minivault_14, grunt_tough_drop
D:9:      nicolae_cairo_tiling_large, layout_loops_ring, uniq_erolcha
D:10:     layout_cross, fedhas_bush_and_centaur_altar, old_standard_altar,
          serial_undead, serial_undead_a, serial_undead_c, serial_undead_f,
          serial_undead_c, minmay_misc_feat_columns
D:11:     layout_loops_ring
D:12:     fort_yaktaur, layout_cave_pools, orc_david_3, lightli_corner_chamber
D:13:     layout_small_grid, david_vaults_4, kennysheep_small_square,
          uniq_maurice, uniq_frances, uniq_josephine
D:14:     layout_loops_corners, chequers_jeans, uniq_jorgrun
Lair:1:   layout_cave_pods, gauntlet_entry_generic,
          nicolae_lair_run_with_the_wolves, uniq_amaemon
Lair:2:   layout_misc_corridors
Lair:3:   layout_long_grid, minmay_swamp_entry_swarm,
          guppyfry_snake_entry_island, lemuel_old_faithful
Lair:4:   layout_hall_layers, basic_altar, nicolae_lair_lindhole,
          grunt_megastairs_4, lemuel_fruit_tree
Lair:5:   minmay_lair_end_frog_pond, layout_regular_city, slime_entry_1,
          dpeg_oklob_1

Notes
Turn   | Place    | Note
-------+----------+-------------------------------------------
     0 | D:1      | scionoferis the Demigod Hexslinger began the quest for the
                  | Orb.
     0 | D:1      | Reached XP level 1. HP: 15/15 MP: 4/4
    76 | D:1      | Reached skill level 1 in Fighting
    82 | D:1      | Reached skill level 2 in Ranged Weapons
   142 | D:1      | Reached skill level 2 in Dodging
   142 | D:1      | Reached XP level 2. HP: 20/23 MP: 5/5
   452 | D:1      | Reached skill level 1 in Stealth
   492 | D:1      | Reached XP level 3. HP: 28/28 MP: 6/6
   883 | D:2      | Noticed Jessica
   892 | D:2      | Killed Jessica
  1093 | D:2      | Reached XP level 4. HP: 27/36 MP: 8/8
  1139 | D:2      | Found Gadub's Magic Scroll Shop.
  1142 | D:2      | Bought a scroll of blinking for 97 gold pieces
  1158 | D:2      | Reached skill level 3 in Ranged Weapons
  1650 | D:2      | You fall into a shaft and drop 2 floors!
  2190 | D:3      | Reached skill level 2 in Fighting
  2855 | D:4      | Reached XP level 5. HP: 41/41 MP: 9/9
  2872 | D:4      | Noticed a black bear
  2882 | D:4      | Reached skill level 2 in Stealth
  3116 | D:4      | Killed a black bear
  3117 | D:4      | Reached skill level 4 in Ranged Weapons
  3117 | D:4      | Reached skill level 3 in Dodging
  3332 | D:4      | Reached XP level 6. HP: 20/50 MP: 9/10
  3581 | D:4      | Noticed Ijyb
  3599 | D:4      | Killed Ijyb
  3607 | D:4      | Noticed Sigmund
  3812 | D:4      | Killed Sigmund
  3813 | D:4      | Reached skill level 3 in Fighting
  3813 | D:4      | Reached skill level 3 in Stealth
  3898 | D:4      | Reached XP level 7. HP: 56/57 MP: 11/11
  4022 | D:2      | Bought a scroll of identify for 26 gold pieces
  4022 | D:2      | Bought a scroll of identify for 26 gold pieces
  4022 | D:2      | Bought a scroll of identify for 26 gold pieces
  4059 | D:5      | Entered Level 5 of the Dungeon
  4164 | D:5      | Reached skill level 5 in Ranged Weapons
  4481 | D:5      | Found a staircase to the Ecumenical Temple.
  4564 | D:5      | Reached skill level 4 in Dodging
  4734 | D:5      | Noticed Menkaure
  4751 | D:5      | Killed Menkaure
  4974 | D:5      | Noticed Grinder
  5033 | D:5      | Killed Grinder
  5034 | D:5      | Reached skill level 4 in Fighting
  5034 | D:5      | Reached skill level 6 in Ranged Weapons
  5034 | D:5      | Reached skill level 4 in Stealth
  5034 | D:5      | Reached XP level 8. HP: 60/66 MP: 12/12
  5059 | D:5      | Reached skill level 1 in Short Blades
  5721 | D:6      | Noticed Eustachio
  5983 | D:5      | Killed Eustachio
  6038 | D:6      | Noticed Prince Ribbit
  6285 | D:6      | Killed Prince Ribbit
  6286 | D:6      | Reached skill level 2 in Short Blades
  6426 | D:6      | Reached skill level 7 in Ranged Weapons
  6478 | D:6      | Reached skill level 5 in Dodging
  7508 | D:7      | Reached skill level 5 in Stealth
  7508 | D:7      | Reached XP level 9. HP: 60/73 MP: 13/13
  7611 | D:7      | HP: 1/73 [steam dragon/ball of steam (14)]
  7615 | D:7      | Reached skill level 5 in Fighting
  7904 | D:7      | Identified a scarf of resistance
  7951 | D:7      | Reached skill level 3 in Short Blades
  7963 | D:7      | Found Luenopno's Armour Emporium.
  8376 | D:7      | Reached skill level 8 in Ranged Weapons
  8537 | D:7      | Identified a scroll of acquirement
  8673 | D:7      | Reached skill level 4 in Short Blades
  9083 | D:8      | Noticed a two-headed ogre
  9330 | D:8      | Identified the +0 shortbow of Anxiety {flame, SInv}
  9376 | D:8      | Reached skill level 6 in Dodging
  9620 | D:8      | Paralysed by a hornet for 3 turns
  9623 | D:8      | HP: 7/74 [hornet (13)]
 10267 | D:8      | Reached skill level 9 in Ranged Weapons
 10271 | D:8      | Killed a two-headed ogre
 10272 | D:8      | Reached XP level 10. HP: 81/81 MP: 14/14
 10602 | D:8      | Reached skill level 5 in Short Blades
 11224 | D:9      | Reached skill level 10 in Ranged Weapons
 11224 | D:9      | Reached skill level 7 in Dodging
 11513 | D:9      | Found a staircase to the Lair.
 11624 | D:9      | Noticed Erolcha
 11648 | D:9      | Killed Erolcha
 11939 | D:9      | Identified the +2 hand axe "Kuas" {freeze, *Rage Str+3
                  | Dex+3}
 12216 | D:10     | Entered Level 10 of the Dungeon
 12242 | D:10     | Reached skill level 6 in Short Blades
 13340 | D:8      | Acquired the +0 pair of boots of Midsummer {Fly rN+ Dex-4}
 13595 | D:9      | Reached skill level 11 in Ranged Weapons
 13837 | D:10     | Reached XP level 11. HP: 83/86 MP: 15/15
 14066 | D:10     | Reached skill level 8 in Dodging
 14925 | D:11     | Noticed a deep elf pyromancer
 14934 | D:11     | Killed a deep elf pyromancer
 14935 | D:11     | Reached skill level 12 in Ranged Weapons
 16043 | D:12     | Noticed a four-headed hydra
 16052 | D:11     | Killed a four-headed hydra
 16053 | D:11     | Reached skill level 9 in Dodging
 16490 | D:12     | Reached skill level 1 in Armour
 16566 | D:12     | Reached skill level 13 in Ranged Weapons
 17152 | D:12     | Reached skill level 1 in Long Blades
 17152 | D:12     | Reached skill level 2 in Armour
 17415 | D:12     | Found Boda Ysilo's Armour Boutique.
 17417 | D:12     | Found a staircase to the Orcish Mines.
 17421 | D:12     | Found Aggyzoq's Weapon Boutique.
 17428 | D:12     | Reached XP level 12. HP: 63/94 MP: 15/16
 17564 | D:12     | Noticed a five-headed hydra
 17707 | D:12     | Reached skill level 2 in Long Blades
 17723 | D:12     | Reached skill level 3 in Armour
 17871 | D:12     | Noticed a minotaur
 17995 | D:12     | Killed a minotaur
 18000 | D:12     | Reached skill level 3 in Long Blades
 18069 | D:12     | Noticed a minotaur
 18146 | D:12     | Killed a minotaur
 18386 | D:12     | Reached skill level 14 in Ranged Weapons
 18386 | D:12     | Reached skill level 4 in Armour
 18386 | D:12     | Reached skill level 10 in Dodging
 18841 | Lair:1   | Entered Level 1 of the Lair of Beasts
 18923 | Lair:1   | Found a gate leading to a gauntlet.
 18930 | Gauntlet | Entered a Gauntlet
 18930 | Gauntlet | Found a transporter.
 18937 | Gauntlet | Found a transporter.
 18940 | Gauntlet | Found a transporter.
 18941 | Gauntlet | Found a transporter.
 18945 | Gauntlet | Found a runed translucent door.
 18945 | Gauntlet | Found a runed translucent door.
 18949 | Gauntlet | Found a transporter.
 18952 | Gauntlet | Found a transporter.
 18953 | Gauntlet | Found a transporter.
 18961 | Gauntlet | Found a transporter.
 18964 | Gauntlet | Found a transporter.
 18965 | Gauntlet | Found a transporter.
 18976 | Gauntlet | Found a transporter.
 18977 | Gauntlet | Found a transporter.
 18978 | Gauntlet | Found a transporter.
 18985 | Gauntlet | Found a transporter.
 19479 | Gauntlet | Identified the ring "Mileit" {rC+ rN+ Int+2}
 19494 | Gauntlet | Reached skill level 4 in Long Blades
 19693 | Gauntlet | Noticed a minotaur
 19704 | Gauntlet | Killed a minotaur
 20702 | Lair:1   | Noticed Amaemon
 20708 | Lair:1   | Killed Amaemon
 20709 | Lair:1   | Reached XP level 13. HP: 100/100 MP: 17/17
 20871 | Lair:1   | Upgraded the game from 0.30-a0-723-gc1506a1cf0 to
                  | 0.30-a0-726-gd89dcf765f
 21211 | Lair:2   | Reached skill level 15 in Ranged Weapons
 21485 | Lair:1   | Reached skill level 11 in Dodging
 22181 | Lair:3   | Found a staircase to the Swamp.
 22461 | Lair:3   | Reached skill level 16 in Ranged Weapons
 22584 | Lair:3   | Found a staircase to the Snake Pit.
 23487 | Lair:4   | Reached skill level 12 in Dodging
 23846 | Lair:5   | Entered Level 5 of the Lair of Beasts
 24049 | Lair:5   | Reached XP level 14. HP: 106/107 MP: 19/19
 24107 | Lair:5   | Reached skill level 17 in Ranged Weapons
 24396 | Lair:5   | Found a staircase to the Slime Pits.
 25280 | Lair:5   | Reached skill level 18 in Ranged Weapons
 25280 | Lair:5   | Reached skill level 13 in Dodging
 25353 | Lair:5   | Reached skill level 1 in Evocations
 25452 | Lair:5   | Reached skill level 2 in Evocations
 25685 | Lair:5   | Got the Treatise on Sparks
 26404 | D:13     | Found Vesev's Assorted Antiques.
 26414 | D:13     | Bought a scroll of identify for 70 gold pieces
 26414 | D:13     | Bought a twisted fluorescent wand for 140 gold pieces
 26736 | D:13     | Found a gate to the Vaults.
 26742 | D:13     | Identified the +7 plate armour of Woider {rC+ Regen+ Int-4
                  | Stlth+}
 26767 | D:13     | Noticed Frances
 26798 | D:13     | Noticed Maurice
 26803 | D:13     | Killed Maurice
 26860 | D:13     | Reached skill level 3 in Evocations
 26988 | D:13     | Noticed Josephine
 27008 | D:13     | Killed Josephine
 27014 | D:13     | Reached skill level 6 in Fighting
 27646 | D:14     | Slain by a skeletal warrior

Vanquished Creatures
  3 minotaurs (D:12 Gauntlet)
  Josephine (D:13)
  4 hydras (D:11 Lair:3 Lair:4 Lair:5)
  Erolcha (D:9)
  A vault guard (D:13)
  A boulder beetle (D:13)
  A two-headed ogre (D:8)
  A centaur warrior (D:14)
  14 death yaks (D:12 Lair:2 Lair:1 Lair:4 Lair:5)
  A skeletal warrior (D:14)
  2 goliath frogs (Lair:5)
  Amaemon (Lair:1)
  3 lindwurms (Lair:4)
  2 deep elf pyromancers (D:11 D:13)
  A necromancer (Gauntlet)
  A wizard (D:13)
  4 oklob plants (Gauntlet Lair:3 Lair:5)
  2 cyclopes (D:13 D:14)
  A worldbinder (Gauntlet)
  A wolf spider (Lair:1)
  4 manticores (D:11 D:13)
  18 elephants (Lair:2 Lair:1 Lair:5)
  5 black mambas (Lair:2 Lair:3 Lair:5)
  A gargoyle (D:13)
  Maurice (D:13)
  A torpor snail (Lair:5)
  An orange demon (Lair:1)
  28 cane toads (Lair:1 Lair:2 Lair:3 Lair:4 Lair:5)
  2 unseen horrors (D:11 D:12)
  4 rime drakes (Lair:2 Lair:3 Lair:5)
  2 unseen horror zombies (D:10)
  13 komodo dragons (D:11 Lair:1 Lair:2 Lair:3 Lair:4)
  9 yaktaurs (D:12)
  4 hornets (D:8 D:9)
  Prince Ribbit (D:6)
  6 trolls (D:10 D:11 D:12 D:13)
  2 tyrant leeches (Lair:5)
  Grinder (D:5)
  15 blink frogs (Lair:3 Lair:5)
  6 dream sheep (Lair:5 Lair:4)
  6 slime creatures (D:13)
  Sigmund (D:4)
  6 shadows (D:9 D:10)
  7 vampires (D:9 D:10)
  58 yaks (D:11 D:12 Lair:2 Lair:4 Lair:5)
  8 wraiths (D:9 D:13)
  2 wyverns (D:10 Lair:3)
  3 steam dragons (D:7 D:8 D:9)
  5 basilisks (Lair:1 Lair:2 Lair:4)
  Eustachio (D:5)
  13 vampire mosquitoes (D:12 Lair:3 Lair:5)
  Menkaure (D:5)
  A naga (Lair:3)
  17 water moccasins (Lair:1 Lair:2 Lair:3 Lair:4 Lair:5)
  2 acid dragons (Gauntlet D:13)
  2 orc warriors (D:7 D:8)
  3 ice beasts (D:5 D:6 D:8)
  A sky beast (D:5)
  5 black bears (D:4 D:7 D:8 Lair:1 Lair:4)
  31 wolves (Gauntlet Lair:1 Lair:3 Lair:4)
  4 boggarts (D:13)
  5 centaurs (D:6 D:7 D:8 D:10)
  A phantom (D:4)
  5 kobold brigands (D:7 D:9 D:10 D:11)
  4 necrophages (D:7)
  22 bullfrogs (D:5 D:6 D:7 D:8 Lair:1)
  A gnoll sergeant (D:9)
  2 scorpions (D:5)
  A wyvern zombie (D:7)
  4 wights (D:7)
  11 howler monkeys (D:8 D:9 D:10 D:11 D:12)
  7 electric eels (D:6 D:8 D:12 Lair:5)
  4 orc priests (D:5 D:7 D:8)
  3 jellies (D:7)
  3 hounds (D:5 D:6)
  6 centaur zombies (D:7 D:10)
  A human zombie (D:7)
  Jessica (D:2)
  4 hell rats (Lair:3)
  7 iguanas (D:5 D:6)
  Ijyb (D:4)
  12 orc wizards (D:4 D:7 D:8 D:10 D:11)
  22 gnolls (D:6 D:7 D:9 D:12)
  10 adders (D:2 D:3 D:4 D:5)
  6 white imps (D:5 D:7)
  2 ufetubi (D:4)
  39 orcs (D:3 D:4 D:5 D:8 D:10)
  8 ball pythons (D:1 D:2 D:3 D:4)
  4 bats (D:1 D:2 D:3)
  8 endoplasms (D:1 D:2 D:3)
  5 giant cockroaches (D:1 D:2)
  6 hobgoblins (D:1 D:3 D:4)
  6 jackals (D:1)
  41 kobolds (D:1 D:2 D:3 D:4 D:7)
  3 quokkas (D:1 D:4 D:5)
  2 frilled lizards (D:2)
  6 goblins (D:1 D:3 D:4)
  5 rats (D:1 D:2 D:3)
  A butterfly (D:5)
626 creatures vanquished.

Vanquished Creatures (others)
  A komodo dragon (Lair:3)
  A bush (Lair:5)
  40 fungi (Lair:1 Gauntlet Lair:2 Lair:3 Lair:5)
  106 plants (D:1 Lair:1 Lair:2 Lair:3 Lair:4)
  A withered plant (D:10)
149 creatures vanquished.

Grand Total: 775 creatures vanquished

Table legend: (Time is in decaauts)
 A = Elapsed time spent in this place.
 B = Non-inter-level travel time spent in this place.
 C = Inter-level travel time spent in this place.
 D = Time resting spent in this place.
 E = Time spent auto-exploring this place.
 F = Levels seen in this place.
 G = Mean time per level.
                   A        B        C        D        E       F      G
               +--------+--------+--------+--------+--------+-----+--------+
         Total |  27690 |  24969 |   2721 |   7026 |  11413 |  20 | 1384.5 |
       Dungeon |  20251 |  18126 |   2125 |   5373 |   8097 |  14 | 1446.5 |
          Lair |   6524 |   5928 |    596 |   1259 |   3102 |   5 | 1304.8 |
      Gauntlet |    915 |    915 |      0 |    393 |    213 |   1 |  915.0 |
               +--------+--------+--------+--------+--------+-----+--------+

Top non-repeatable levels by time:
     D:9: 2546 daAuts
     D:7: 2471 daAuts
    D:11: 2060 daAuts
     D:5: 1874 daAuts
  Lair:5: 1858 daAuts
    D:12: 1841 daAuts
     D:8: 1584 daAuts
  Lair:1: 1354 daAuts
     D:6: 1292 daAuts
  Lair:4: 1258 daAuts
    D:10: 1252 daAuts
     D:2: 1223 daAuts
     D:4: 1104 daAuts
  Lair:2: 1072 daAuts
     D:3: 1056 daAuts

Table legend:
 A = Non-vault XP
 B = Vault XP
 C = Vault XP percentage of total XP
 D = Non-vault monster count
 E = Vault monster count
 F = Vault count percentage of total count
                 A         B        C        D         E       F
            +---------+---------+-------+---------+---------+-------
      Total |   77958 |   42835 |  35.5 |     461 |     164 |  26.2
            +---------+---------+-------+---------+---------+-------
        D:1 |      53 |       0 |   0.0 |      32 |       0 |   0.0
        D:2 |      52 |      39 |  42.9 |      12 |       2 |  14.3
        D:3 |      74 |       0 |   0.0 |      20 |       0 |   0.0
        D:4 |     394 |     262 |  39.9 |      26 |       2 |   7.1
        D:5 |     832 |     633 |  43.2 |      22 |       3 |  12.0
        D:6 |     628 |     286 |  31.3 |      12 |       1 |   7.7
        D:7 |    1198 |     835 |  41.1 |      26 |      13 |  33.3
        D:8 |    2263 |     761 |  25.2 |      16 |       6 |  27.3
        D:9 |    1673 |    2352 |  58.4 |      21 |       8 |  27.6
       D:10 |     886 |    3219 |  78.4 |      24 |      13 |  35.1
       D:11 |    4810 |       0 |   0.0 |      32 |       0 |   0.0
       D:12 |    3143 |   10467 |  76.9 |      19 |      39 |  67.2
       D:13 |    6451 |    3529 |  35.4 |      19 |       8 |  29.6
       D:14 |    2128 |       0 |   0.0 |       3 |       0 |   0.0
     Lair:1 |    6685 |    2837 |  29.8 |      24 |      13 |  35.1
     Lair:2 |   10186 |       0 |   0.0 |      28 |       0 |   0.0
     Lair:3 |    7992 |     888 |  10.0 |      33 |       5 |  13.2
     Lair:4 |    6975 |    2205 |  24.0 |      29 |       5 |  14.7
     Lair:5 |   21535 |   11335 |  34.5 |      63 |      38 |  37.6
   Gauntlet |       0 |    3187 | 100.0 |       0 |       8 | 100.0
            +---------+---------+-------+---------+---------+-------
